[Event "Titled Tuesday Blitz April 18 Early 2023"]
[White "Jaferian, Koosha"]
[Black "Akylbek2021"]
[WhiteFideId "12507440"]
[WhiteElo "2073"]
[BlackElo "2395"]
[Result "1/2-1/2"]
[Round "02"]
[TimeControl "180+2"]
[Date "2023.04.18"]
[WhiteClock "0:00:08"]
[BlackClock "0:00:10"]

1. Nf3 Nf6 2. b3 g6 3. Bb2 Bg7 4. g3 O-O 5. d4 d6 6. Bg2 Nbd7 7. O-O c6 8. c4 Qc7 9. Nc3 Re8 10. e4 e5 11. Qd2 a5 12. h3 a4 13. Rae1 exd4 14. Nxd4 Nc5 15. b4 a3 16. Ba1 Ne6 17. f4 Nxd4 18. Qxd4 Nh5 19. Qd3 Qb6+ 20. Kh2 Qxb4 21. Rb1 Qa5 22. Ne2 Qc7 23. Bxg7 Nxg7 24. Qd4 Ne6 25. Qd2 Nc5 26. Nc3 Be6 27. Rb4 Qa5 28. Rfb1 Qa6 29. Qxd6 Qa7 30. Rb6 Qa5 31. R6b4 Rad8 32. Qe5 Bxh3 33. Qg5 Bxg2 34. Kxg2 h6 35. Qxh6 Rd2+ 36. Kf3 Nd3 37. Rh1 Rf2+ 38. Ke3 Qc5+ 39. Kxd3 Rd8+ 40. Nd5 Rxd5+ 41. exd5 Rf3+ 42. Kc2 Rf2+ 43. Kb3 Rf3+ 44. Kc2 Rf2+ 45. Kb3 Rf3+ 46. Kc2 1/2-1/2


[Site "https://www.chess.com"]

[Event "Titled Tuesday Blitz April 18 Early 2023"]
[White "Koridze, Lile"]
[Black "jinbojinbo"]
[WhiteFideId "13612514"]
[WhiteElo "2047"]
[BlackElo "2711"]
[Result "0-1"]
[Round "02"]
[TimeControl "180+2"]
[Date "2023.04.18"]
[WhiteClock "0:01:00"]
[BlackClock "0:01:13"]

1. d4 Nf6 2. c4 g6 3. Nc3 c5 4. d5 Bg7 5. e4 d6 6. Nf3 e6 7. Be2 exd5 8. exd5 O-O 9. O-O Re8 10. Bg5 h6 11. Bh4 Bg4 12. h3 Bxf3 13. Bxf3 Nbd7 14. Bg3 Ne5 15. b3 Nfd7 16. Rc1 Nxf3+ 17. Qxf3 Be5 18. Rfe1 Bxg3 19. Qxg3 Rxe1+ 20. Rxe1 Nf6 21. Nb5 Ne8 22. Kh2 Qd7 23. Qh4 a6 24. Re7 Qd8 25. Rxe8+ Qxe8 26. Nc7 Qd8 0-1


[Site "https://www.chess.com"]

[Event "Titled Tuesday Blitz April 18 Early 2023"]
[White "Kosteniuk, Alexandra"]
[Black "Buscar, Michael"]
[WhiteFideId "4128125"]
[BlackFideId "2603616"]
[WhiteElo "2453"]
[BlackElo "2010"]
[Result "1-0"]
[Round "02"]
[TimeControl "180+2"]
[Date "2023.04.18"]
[WhiteClock "0:00:03"]
[BlackClock "0:00:02"]

1. d4 Nf6 2. Nf3 e6 3. c4 c5 4. d5 exd5 5. cxd5 d6 6. Nc3 g6 7. h3 Bg7 8. e4 O-O 9. Bd3 Na6 10. O-O Re8 11. Re1 Nb4 12. Bb1 c4 13. Be3 Nd7 14. Bd4 Ne5 15. Nxe5 Bxe5 16. Bxe5 Rxe5 17. a3 Na6 18. Qd4 Qg5 19. Kh2 Bxh3 20. gxh3 Qf4+ 21. Kg2 Rg5+ 22. Kf1 Qh2 23. Qe3 Rg2 24. Bc2 Nc5 25. Ke2 Re8 26. Rh1 Qe5 27. Rag1 Qh5+ 28. Kd2 Rxg1 29. Rxg1 f5 30. Rg5 Qh4 31. Qg3 Qh6 32. h4 fxe4 33. Qg4 Qg7 34. Kc1 Qd4 35. h5 Qxf2 36. hxg6 h6 37. Rf5 Qe1+ 38. Nd1 Nd3+ 39. Kb1 Qd2 40. Bxd3 cxd3 41. Rf1 Qc2+ 42. Ka1 e3 43. Nxe3 Rxe3 44. Qf4 Re8 45. Qf7+ Kh8 46. Qh7# 1-0


[Site "https://www.chess.com"]

[Event "Titled Tuesday Blitz April 18 Early 2023"]
[White "Nouri, Alekhine"]
[Black "Maung, Maung Kyaw Zaw Hein"]
[WhiteFideId "5216184"]
[BlackFideId "13001698"]
[WhiteElo "2151"]
[BlackElo "2019"]
[Result "1/2-1/2"]
[Round "02"]
[TimeControl "180+2"]
[Date "2023.04.18"]
[WhiteClock "0:00:13"]
[BlackClock "0:00:16"]

1. e4 c6 2. d4 d5 3. exd5 cxd5 4. Bd3 Nc6 5. c3 Qc7 6. Ne2 Nf6 7. Bf4 e5 8. dxe5 Nxe5 9. O-O Bd6 10. Nd4 a6 11. Bg5 Ne4 12. Bxe4 dxe4 13. Nd2 f5 14. f3 exf3 15. N2xf3 O-O 16. Qb3+ Kh8 17. Rae1 Bd7 18. Nxe5 Bxe5 19. Nf3 Bd6 20. Kh1 Rae8 21. Rxe8 Rxe8 22. Qf7 Rf8 23. Qb3 Bc6 24. h3 Be4 25. Nd4 Qf7 26. Qb6 Qd5 27. Rf2 Bc5 28. Qc7 Bxd4 29. cxd4 Qxd4 30. Bh4 g5 31. Bxg5 Qxf2 32. Qe5+ Kg8 33. Qe6+ Rf7 34. Qe8+ Rf8 35. Qe6+ Rf7 36. Qe8+ Rf8 37. Qe6+ 1/2-1/2


[Site "https://www.chess.com"]

[Event "Titled Tuesday Blitz April 18 Early 2023"]
[White "Garrido, Denis"]
[Black "Williams, Simon K"]
[WhiteFideId "601217"]
[BlackFideId "404454"]
[WhiteElo "2336"]
[BlackElo "2468"]
[Result "0-1"]
[Round "02"]
[TimeControl "180+2"]
[Date "2023.04.18"]
[WhiteClock "0:00:10"]
[BlackClock "0:00:20"]

1. e4 d6 2. d4 Nf6 3. Nc3 Nbd7 4. h3 e5 5. Nge2 h5 6. g3 Be7 7. Bg2 O-O 8. O-O Re8 9. Be3 Bf8 10. Qd2 b6 11. Rad1 Bb7 12. dxe5 Nxe5 13. b3 Ng6 14. Bg5 Be7 15. h4 Ng4 16. Bxe7 Qxe7 17. Nf4 Nxf4 18. Qxf4 Qe5 19. Qd2 Re7 20. Nd5 Bxd5 21. exd5 Rae8 22. a4 g6 23. a5 Kg7 24. axb6 axb6 25. Ra1 Qf6 26. Rae1 Rxe1 27. Rxe1 Rxe1+ 28. Qxe1 Qd4 29. Bf3 Ne5 30. Qe4 Qc3 31. Bg2 Qd2 32. c4 Qb2 33. Qe3 Ng4 34. Qf3 Qf6 35. Qxf6+ Kxf6 36. Kf1 Ke5 37. Ke2 Kd4 38. f3 Ne5 39. Kd2 Nd3 40. g4 Nf4 41. gxh5 Nxh5 42. Bf1 Nf4 43. b4 f6 44. b5 g5 45. hxg5 fxg5 46. Kc2 Ke3 47. c5 dxc5 0-1


[Site "https://www.chess.com"]

[Event "Titled Tuesday Blitz April 18 Early 2023"]
[White "Manukyan, Sargis A."]
[Black "micke12a"]
[WhiteFideId "13303970"]
[WhiteElo "2187"]
[BlackElo "2329"]
[Result "1-0"]
[Round "02"]
[TimeControl "180+2"]
[Date "2023.04.18"]
[WhiteClock "0:00:49"]
[BlackClock "0:00:15"]

1. d4 d5 2. c4 c6 3. Nc3 Nf6 4. e3 e6 5. Nf3 Nbd7 6. Bd3 Bd6 7. O-O dxc4 8. Bxc4 b5 9. Bd3 Bb7 10. e4 e5 11. d5 b4 12. dxc6 Bxc6 13. Bb5 Qc7 14. Bxc6 Qxc6 15. Nd5 O-O 16. Re1 Rfe8 17. Bg5 Nxd5 18. exd5 Qb5 19. Rc1 Rac8 20. Qb3 f6 21. Be3 Nc5 22. Bxc5 Rxc5 23. Rxc5 Qxc5 24. Nd2 Rc8 25. Ne4 Qb6 26. g4 Kf7 27. Kg2 Ke7 28. Qh3 h6 29. g5 f5 30. Qxf5 Rd8 31. Qe6+ Kf8 32. Re3 1-0


[Site "https://www.chess.com"]

[Event "Titled Tuesday Blitz April 18 Early 2023"]
[White "Mikhaylova, Irina"]
[Black "Colas, Joshua"]
[WhiteFideId "4109040"]
[BlackFideId "2044447"]
[WhiteElo "1975"]
[BlackElo "2347"]
[Result "0-1"]
[Round "02"]
[TimeControl "180+2"]
[Date "2023.04.18"]
[WhiteClock "0:00:20"]
[BlackClock "0:00:27"]

1. Nf3 Nf6 2. c4 c5 3. Nc3 Nc6 4. d4 cxd4 5. Nxd4 e6 6. e3 Bb4 7. Bd2 O-O 8. a3 Bxc3 9. Bxc3 Ne4 10. Rc1 Nxc3 11. Rxc3 a6 12. Be2 Qc7 13. O-O b6 14. Nb5 axb5 15. cxb5 Bb7 16. bxc6 dxc6 17. Bf3 c5 18. Bxb7 Qxb7 19. Rd3 b5 20. Qd2 h6 21. Rd1 c4 22. Rd7 Qe4 23. Qd4 Qc2 24. h3 c3 25. Qxc3 Qxc3 26. bxc3 Rxa3 27. Rb1 Rb8 28. c4 b4 29. c5 Rc3 30. Rd4 b3 31. Rd2 Rxc5 32. Rdb2 Rc3 33. Kf1 Kh7 34. Ke2 Rd8 35. Rxb3 Rc2+ 36. Kf3 Rdd2 37. Rf1 g5 38. g4 Kg6 39. Rb4 h5 40. Kg3 h4+ 41. Kg2 f5 42. Rb6 Kf7 43. gxf5 exf5 44. Rb7+ Kf6 45. Rb6+ Kg7 46. Rb7+ Kf8 47. Rb8+ Ke7 48. Rb5 Ke6 49. Rb6+ Rd6 50. Rxd6+ Kxd6 51. Kf3 Rc4 52. Rd1+ Ke5 53. Ra1 g4+ 54. hxg4 fxg4+ 55. Kg2 Rc2 56. Ra5+ Kf6 57. Ra6+ Kg5 58. Ra5+ Kg6 59. Ra6+ Kf7 60. Ra7+ Ke8 61. Kg1 Rc1+ 62. Kg2 Rc2 63. Kg1 g3 64. fxg3 h3 65. Rh7 Rg2+ 66. Kh1 Rxg3 67. Kh2 Rxe3 68. Rxh3 Re2+ 69. Kg3 Kf7 70. Kg4 Kg6 71. Rf3 Re4+ 72. Kg3 Kg5 73. Kf2 Kg4 74. Rg3+ Kf4 75. Rf3+ Kg4 76. Re3 Rf4+ 77. Ke2 Ra4 78. Kd3 Kf4 79. Re2 Ra3+ 80. Kd2 Kf3 81. Re8 Ra6 82. Kc3 Kf4 83. Kc4 Kf5 84. Kb5 Rg6 85. Re1 Rg3 86. Kc5 Rc3+ 87. Kd5 Rd3+ 88. Kc5 Rd8 89. Kc6 Kf4 90. Kc5 Rd3 91. Re7 Kf3 92. Kc4 Re3 93. Kd4 Rxe7 0-1


[Site "https://www.chess.com"]

[Event "Titled Tuesday Blitz April 18 Early 2023"]
[White "Chor, Kevin"]
[Black "Sandoval Mercado, Carlos"]
[WhiteFideId "2090740"]
[BlackFideId "5109434"]
[WhiteElo "2706"]
[BlackElo "2257"]
[Result "0-1"]
[Round "02"]
[TimeControl "180+2"]
[Date "2023.04.18"]
[WhiteClock "0:00:07"]
[BlackClock "0:00:21"]

1. e4 e5 2. Nf3 Nc6 3. Bb5 a6 4. Ba4 Nf6 5. O-O b5 6. Bb3 Bc5 7. d3 O-O 8. Nc3 h6 9. a4 b4 10. Nd5 Rb8 11. Be3 Bxe3 12. fxe3 Nxd5 13. Bxd5 Qe7 14. Qe1 Nd8 15. Nh4 d6 16. Ng6 Qe8 17. Qg3 Be6 18. Nxf8 Qxf8 19. a5 c6 20. Bxe6 Nxe6 21. Rf5 Qd8 22. Raf1 Rb7 23. Qf2 f6 24. d4 Qxa5 25. Qd2 Qb6 26. c3 a5 27. h3 Kh7 28. Kh2 Ng5 29. Qd3 Qb5 30. c4 Qb6 31. c5 Qc7 32. d5 dxc5 33. d6 Qd7 34. Rd1 Ne6 35. Qc4 a4 36. Rf2 Ra7 37. Rfd2 Kg8 38. g4 Kf7 39. Rf2 Ke8 40. h4 Kd8 41. g5 hxg5 42. hxg5 Nxg5 43. Qg8+ Qe8 44. Qxe8+ Kxe8 45. Rfd2 Rd7 46. Rg2 Nxe4 47. Rg4 Nxd6 48. Kg3 Nf5+ 49. Kf3 Rxd1 50. Rg2 Kf7 51. Ke2 Rb1 52. Kd3 Nd6 53. e4 c4+ 54. Ke3 a3 55. bxa3 b3 56. a4 c3 0-1


[Site "https://www.chess.com"]

[Event "Titled Tuesday Blitz April 18 Early 2023"]
[White "Schuh, Karsten"]
[Black "Dehtiarov, Roman"]
[WhiteFideId "4637950"]
[BlackFideId "14186640"]
[WhiteElo "2138"]
[BlackElo "2189"]
[Result "1-0"]
[Round "02"]
[TimeControl "180+2"]
[Date "2023.04.18"]
[WhiteClock "0:00:09"]
[BlackClock "0:00:04"]

1. Nf3 Nf6 2. c4 c5 3. g3 g6 4. Bg2 Nc6 5. O-O d6 6. Nc3 Bg7 7. d4 cxd4 8. Nxd4 O-O 9. Nxc6 bxc6 10. Bxc6 Bh3 11. Bg2 Bxg2 12. Kxg2 Nd7 13. Bd2 Nc5 14. b3 Qc7 15. Kg1 Qb7 16. Rc1 a5 17. Rb1 Rab8 18. Qc2 Rfc8 19. Rfc1 h5 20. h4 e6 21. Be3 d5 22. cxd5 Na6 23. Qd2 exd5 24. Bf4 Qb4 25. Nxd5 Qxd2 26. Bxd2 Rd8 27. e4 Nb4 28. Bxb4 axb4 29. Ne7+ Kh7 30. Nc6 Bc3 31. Nxb8 Rxb8 32. Rc2 Re8 33. Re2 f5 34. f3 fxe4 35. Rxe4 Ra8 36. Re2 Kg7 37. Kg2 Kh6 38. Rd1 Ra6 39. Rd7 Bf6 40. Kh3 g5 41. hxg5+ Kxg5 42. Rb7 Bc3 43. f4+ Kg6 44. Rbe7 Kf5 45. Re8 Bf6 46. R8e4 Bc3 47. Re5+ Bxe5 48. Rxe5+ Kg6 49. Rg5+ Kh6 50. Rb5 Rxa2 51. Rxb4 Rb2 52. Rb6+ Kg7 53. Kh4 Rh2+ 54. Kg5 Rg2 55. Kxh5 Rxg3 56. b4 Kf7 57. b5 Rg1 58. Rc6 Rf1 59. Kg5 Rb1 60. b6 Rb5+ 61. f5 Ke7 62. Rh6 Kf7 63. Rh7+ Kg8 64. Rb7 Rb1 65. Kf6 Rb2 66. Rb8+ Kh7 67. Kf7 Rb5 68. f6 Rb1 69. b7 Rb2 70. Ke6 Re2+ 71. Kd5 Rd2+ 72. Ke4 Rf2 73. Rh8+ Kxh8 74. b8=Q+ Kh7 75. Qf8 Kg6 76. Qg7+ Kh5 77. f7 Rg2 78. Qxg2 Kh4 79. Kf5 Kh5 80. Qh3# 1-0


[Site "https://www.chess.com"]

[Event "Titled Tuesday Blitz April 18 Early 2023"]
[White "Barwinska, Ewa"]
[Black "Horvath, Dominik"]
[WhiteFideId "21833761"]
[BlackFideId "1642561"]
[WhiteElo "1908"]
[BlackElo "2407"]
[Result "0-1"]
[Round "02"]
[TimeControl "180+2"]
[Date "2023.04.18"]
[WhiteClock "0:00:34"]
[BlackClock "0:02:36"]

1. e4 e5 2. Nf3 Nc6 3. Bc4 Nf6 4. d3 Bc5 5. c3 O-O 6. O-O d5 7. exd5 Nxd5 8. b4 Be7 9. Qb3 Nb6 10. Nbd2 Nxc4 11. Nxc4 Be6 12. Qc2 e4 13. Nfe5 exd3 14. Nxc6 bxc6 15. Qb3 d2 16. Bb2 Qd3 17. Ne5 Qxf1+ 18. Rxf1 Bxb3 19. axb3 c5 20. bxc5 Bxc5 21. Nd7 Rfd8 22. Nxc5 d1=Q 0-1


[Site "https://www.chess.com"]

[Event "Titled Tuesday Blitz April 18 Early 2023"]
[White "Martinez Ramirez, Lennis"]
[Black "Jiganchine, Roman"]
[WhiteFideId "3509079"]
[BlackFideId "2603667"]
[WhiteElo "2410"]
[BlackElo "2282"]
[Result "1-0"]
[Round "02"]
[TimeControl "180+2"]
[Date "2023.04.18"]
[WhiteClock "0:00:58"]
[BlackClock "0:00:11"]

1. c4 c6 2. g3 d5 3. Bg2 Nf6 4. Nf3 Bf5 5. Qb3 Qb6 6. d4 e6 7. c5 Qa6 8. Nh4 Bg6 9. Nc3 b5 10. O-O Be7 11. Bf4 O-O 12. a4 bxa4 13. Rxa4 Qc8 14. Rfa1 a6 15. Rb4 Nbd7 16. Nxg6 hxg6 17. Na4 Ne4 18. f3 g5 19. fxe4 gxf4 20. exd5 exd5 21. gxf4 Bf6 22. e4 dxe4 23. Bxe4 Re8 24. Qf3 Nf8 25. Nb6 Qe6 26. Nxa8 Rxa8 27. Bxc6 Ng6 28. Bxa8 Nh4 29. Rb8+ Kh7 30. Qh5# 1-0


[Site "https://www.chess.com"]

[Event "Titled Tuesday Blitz April 18 Early 2023"]
[White "Shuvalova, Polina"]
[Black "Kyaw Lay Htaik"]
[WhiteFideId "24171760"]
[BlackFideId "13002007"]
[WhiteElo "2281"]
[BlackElo "2261"]
[Result "1/2-1/2"]
[Round "02"]
[TimeControl "180+2"]
[Date "2023.04.18"]
[WhiteClock "0:00:08"]
[BlackClock "0:00:21"]

1. e4 c5 2. Nf3 Nc6 3. c3 Nf6 4. Bd3 g6 5. O-O Bg7 6. Re1 e5 7. a4 O-O 8. Na3 h6 9. Bc2 Re8 10. Nc4 d6 11. h3 Rb8 12. d3 d5 13. exd5 Nxd5 14. Be3 Nxe3 15. Rxe3 f6 16. d4 cxd4 17. cxd4 exd4 18. Rxe8+ Qxe8 19. Nxd4 Nxd4 20. Qxd4 Be6 21. Nd6 f5 22. Qxa7 Qd8 23. Rd1 Qc7 24. Nb5 Qe5 25. Qb6 Bf7 26. Nd6 Qxb2 27. Qc7 Rf8 28. Nxf7 Rxf7 29. Qc4 Qc3 30. Rd8+ Kh7 31. Qxc3 Bxc3 32. Bb3 Re7 33. g3 b6 34. h4 g5 35. h5 Kg7 36. Kg2 Bb4 37. Rd5 Kf6 38. Bc2 Re5 39. Rd7 Bc5 40. Bd3 Ke6 41. Rh7 Bf8 42. Rb7 Bc5 43. Rh7 Bf8 44. Bc4+ Kd6 45. Rf7 Be7 46. Bd3 Ke6 47. Rg7 f4 48. Rg6+ Bf6 49. Rxh6 fxg3 50. fxg3 Re3 51. Bc4+ Kf5 52. Rh7 Be5 53. Rf7+ Ke4 54. h6 Rxg3+ 55. Kf2 Rh3 56. h7 Bd4+ 57. Kg2 Rh4 58. Bb3 Kd3 59. Ba2 Kc3 60. Bb1 Kb4 61. Ra7 b5 62. Rb7 Kxa4 63. Bc2+ Kb4 64. Bd3 Kc3 65. Bxb5 Kd2 66. Re7 Kc3 67. Bc6 Kc4 68. Be4 Bc3 69. Bf5 Kd4 70. Kg3 Kc5 71. Bg6 Kd6 72. Re2 Be5+ 73. Kg2 Ke6 74. Kf3 Kf6 75. Bc2 Rh3+ 76. Ke4 Rh4+ 77. Kd5 Rd4+ 78. Kc5 Rd8 79. Rf2+ Kg7 80. Rg2 Bf4 81. Be4 Re8 82. Kd5 Re5+ 83. Kd4 Re8 84. Kd3 Rd8+ 85. Kc4 Re8 86. Kd5 Re5+ 87. Kd4 Re8 88. Ra2 Rd8+ 89. Kc4 Re8 90. Ra7+ Kh8 91. Bf5 Rf8 92. Bg6 g4 93. Kd5 g3 94. Be4 Be3 95. Ra2 Bf2 96. Ra1 Rd8+ 97. Kc6 Re8 98. Bg2 Kxh7 99. Rh1+ Kg6 100. Kd5 Kg5 101. Rh7 Kf4 102. Rf7+ Ke3 103. Kd6 Rd8+ 104. Rd7 Rxd7+ 105. Kxd7 Be1 106. Bb7 Kf2 107. Ke6 Ke3 108. Kf5 Bf2 109. Kg4 Be1 110. Kh3 Bf2 111. Bg2 Be1 112. Bh1 Bf2 113. Bg2 Be1 114. Bh1 Bf2 115. Bg2 1/2-1/2


[Site "https://www.chess.com"]

[Event "Titled Tuesday Blitz April 18 Early 2023"]
[White "Blokhin, Sofia"]
[Black "Sammed Jaykumar, Shete"]
[WhiteFideId "4508190"]
[BlackFideId "5073421"]
[WhiteElo "1994"]
[BlackElo "2278"]
[Result "0-1"]
[Round "02"]
[TimeControl "180+2"]
[Date "2023.04.18"]
[WhiteClock "0:00:18"]
[BlackClock "0:00:14"]

1. d4 d5 2. c4 dxc4 3. Nf3 Nf6 4. Nc3 Bg4 5. e4 Bxf3 6. gxf3 e6 7. Bxc4 Nbd7 8. Be3 a6 9. Qd2 c5 10. e5 cxd4 11. Bxd4 Nh5 12. O-O-O Qc7 13. Be2 Be7 14. f4 g6 15. Bxh5 gxh5 16. Kb1 O-O-O 17. Rc1 Nc5 18. Qe3 Kb8 19. Ne4 Rxd4 20. Qxd4 Rd8 21. Qe3 Rd5 22. b4 Qb6 23. Nxc5 Bxc5 24. Rxc5 Qxb4+ 25. Ka1 Rxc5 26. Rb1 Qc3+ 27. Qxc3 Rxc3 28. Rg1 Rf3 29. Rg7 Rxf4 30. Rxh7 h4 31. f3 Kc7 32. Kb2 Kc6 33. Kc2 Kd5 34. Rh5 Rxf3 35. Rxh4 Kxe5 36. Rb4 b5 37. Rh4 f5 38. a4 bxa4 39. Rxa4 Rf2+ 40. Kd3 Rxh2 41. Rxa6 Rh3+ 42. Ke2 Rb3 43. Ra5+ Kf4 44. Ra4+ Kg5 45. Ra6 e5 46. Ra8 e4 47. Rg8+ Kf4 48. Rf8 Rb2+ 49. Ke1 Ra2 50. Re8 Ke3 51. Kf1 f4 52. Re7 f3 53. Kg1 Ra1+ 54. Kh2 f2 55. Rf7 f1=Q 56. Rf3+ exf3 0-1


[Site "https://www.chess.com"]

[Event "Titled Tuesday Blitz April 18 Early 2023"]
[White "O`Gorman, Tom"]
[Black "Nugumanov, Bakhtiyar"]
[WhiteFideId "2508249"]
[BlackFideId "13701797"]
[WhiteElo "2271"]
[BlackElo "2209"]
[Result "1-0"]
[Round "02"]
[TimeControl "180+2"]
[Date "2023.04.18"]
[WhiteClock "0:01:22"]
[BlackClock "0:00:01"]

1. e4 e6 2. d4 d5 3. Bd3 Be7 4. Nf3 dxe4 5. Bxe4 Nf6 6. Bd3 O-O 7. Bg5 c5 8. dxc5 h6 9. Bh4 Bxc5 10. Qe2 Nc6 11. O-O Nb4 12. Bc4 Be7 13. Nc3 a6 14. Rad1 Qc7 15. a3 Nc6 16. Bd3 b5 17. Ne4 Nd5 18. Bg3 Qb6 19. c4 bxc4 20. Bxc4 Rd8 21. Ne5 Bb7 22. Qg4 f5 23. Qg6 Nxe5 24. Bxe5 Bf8 25. Bxd5 fxe4 26. Bxb7 Qxb7 27. Qxe6+ Kh8 28. Qxh6+ Kg8 29. Qe6+ Kh8 30. Bc3 Rac8 31. Rfe1 Rxd1 32. Rxd1 Kh7 33. Rd5 Qc6 34. Rh5# 1-0


[Site "https://www.chess.com"]

[Event "Titled Tuesday Blitz April 18 Early 2023"]
[White "Prado, Alexandra"]
[Black "Dimitrov, Atanas"]
[WhiteFideId "3301346"]
[BlackFideId "2901315"]
[WhiteElo "1759"]
[BlackElo "2668"]
[Result "0-1"]
[Round "02"]
[TimeControl "180+2"]
[Date "2023.04.18"]
[WhiteClock "0:00:01"]
[BlackClock "0:02:09"]

1. e4 c5 2. Nf3 d6 3. c3 Nf6 4. Be2 g6 5. O-O Bg7 6. Re1 O-O 7. Bf1 Nc6 8. Na3 a6 9. d3 b5 10. Nc2 Bb7 11. a4 Rc8 12. axb5 axb5 13. Ne3 e6 14. h3 b4 15. Bd2 d5 16. e5 Nd7 17. d4 bxc3 18. bxc3 Na5 19. Ng4 Nc4 20. Bh6 cxd4 21. cxd4 Bxh6 22. Nxh6+ Kg7 23. Ng4 h5 24. Ne3 Ndb6 25. Rc1 Ba6 26. Nxc4 Bxc4 27. Bd3 Bxd3 28. Qxd3 Nc4 29. Rc2 Qa5 30. Rec1 Rb8 31. Nd2 Nxd2 32. Qxd2 Qa4 33. Qg5 Qxd4 34. Qf6+ Kg8 35. Rc7 Rb2 36. g3 Re2 0-1


[Site "https://www.chess.com"]

[Event "Titled Tuesday Blitz April 18 Early 2023"]
[White "Tuleyeva-Aketayeva, Dana"]
[Black "Anton Guijarro, David"]
[WhiteFideId "13701932"]
[BlackFideId "2285525"]
[WhiteElo "2030"]
[BlackElo "2618"]
[Result "0-1"]
[Round "02"]
[TimeControl "180+2"]
[Date "2023.04.18"]
[WhiteClock "0:00:17"]
[BlackClock "0:00:30"]

1. d4 Nf6 2. Nf3 d6 3. g3 b5 4. Bg2 Bb7 5. O-O g6 6. a4 b4 7. c3 a5 8. Bd2 bxc3 9. Nxc3 Bg7 10. Qb3 Bc6 11. d5 Bd7 12. e4 O-O 13. e5 Ng4 14. e6 fxe6 15. dxe6 Bc6 16. Ng5 Bxg2 17. Kxg2 Nc6 18. h3 Nge5 19. f4 Nd4 20. Qd1 Nc4 21. Bc1 Rb8 22. Rf2 Rb4 23. Be3 Nxe3+ 0-1


[Site "https://www.chess.com"]

[Event "Titled Tuesday Blitz April 18 Early 2023"]
[White "Ramirez Vido, Robert Yorisan"]
[Black "Demchenko, Anton"]
[WhiteFideId "3513823"]
[BlackFideId "4160258"]
[WhiteElo "2460"]
[BlackElo "2545"]
[Result "0-1"]
[Round "02"]
[TimeControl "180+2"]
[Date "2023.04.18"]
[WhiteClock "0:00:03"]
[BlackClock "0:00:18"]

1. f4 d5 2. Nf3 Nh6 3. g3 Bg4 4. Bg2 e6 5. d3 Bc5 6. c3 Nd7 7. Ne5 Bh5 8. b4 Bb6 9. a4 a5 10. b5 f6 11. Nxd7 Qxd7 12. d4 O-O-O 13. Nd2 e5 14. fxe5 fxe5 15. Nf3 Bxf3 16. Bxf3 exd4 17. cxd4 Qh3 18. Bxh6 gxh6 19. e3 Kb8 20. Qd2 Rhf8 21. Qg2 Qe6 22. Kd2 Qd6 23. Kd3 Rde8 24. Bxd5 Rd8 25. Be4 Bxd4 26. exd4 Qxd4+ 27. Kc2 Rf2+ 0-1


[Site "https://www.chess.com"]

[Event "Titled Tuesday Blitz April 18 Early 2023"]
[White "Gil Alba, Hector Luis"]
[Black "Kamsky, Gata"]
[WhiteFideId "3504670"]
[BlackFideId "2000024"]
[WhiteElo "2331"]
[BlackElo "2660"]
[Result "0-1"]
[Round "02"]
[TimeControl "180+2"]
[Date "2023.04.18"]
[WhiteClock "0:00:10"]
[BlackClock "0:00:13"]

1. e4 c5 2. Nf3 e6 3. Nc3 a6 4. d4 cxd4 5. Nxd4 b5 6. g3 Bb7 7. Bg2 Nf6 8. Qe2 b4 9. Nd1 Qb6 10. Be3 Bc5 11. Qd3 O-O 12. Nb3 Bxe3 13. Nxe3 Nc6 14. Nc4 Qc7 15. Qd6 Rfc8 16. Qxc7 Rxc7 17. Nd6 Ra7 18. O-O-O Ba8 19. h3 Kf8 20. e5 Nxe5 21. Bxa8 Rxa8 22. Rhe1 Nc4 23. f4 Nxd6 24. Rxd6 Ke7 25. Rd2 d5 26. Nd4 Ne4 27. Rd3 a5 28. Re2 a4 29. f5 a3 30. bxa3 Rxa3 31. Rxa3 bxa3 32. fxe6 fxe6 33. Nb5 Rc5 34. Nxa3 Nxg3 35. Rg2 Nf5 36. Kb2 e5 37. Re2 Ke6 38. c4 dxc4 39. Kc3 Nd6 40. Rb2 Ne4+ 41. Kb4 c3 42. Re2 Rc8 43. Rxe4 c2 44. Nxc2 Rxc2 45. a4 Rb2+ 46. Ka3 Rh2 47. Re3 Kf5 48. a5 Rc2 49. Kb4 Kf4 50. Ra3 e4 51. a6 Rc8 52. a7 Ra8 53. Kc4 e3 54. Kd3 Kf3 55. Ra5 e2 56. Rf5+ Kg3 57. Kxe2 Rxa7 58. Rf3+ Kh4 59. Rc3 Rf7 60. Rd3 g5 61. Rc3 h5 62. Rd3 g4 63. hxg4 hxg4 64. Re3 g3 65. Re8 Kh3 66. Rh8+ Kg2 67. Ra8 Kh2 68. Rh8+ Kg1 69. Rg8 g2 70. Ke1 Re7+ 71. Kd2 Re5 72. Rg7 Kf2 73. Rf7+ Kg3 74. Rg7+ Kf3 75. Rf7+ Kg4 0-1


[Site "https://www.chess.com"]

[Event "Titled Tuesday Blitz April 18 Early 2023"]
[White "Bacallao Alonso, Yusnel"]
[Black "Begunov, Konstantin"]
[WhiteFideId "3507416"]
[BlackFideId "4118510"]
[WhiteElo "2561"]
[BlackElo "2087"]
[Result "1-0"]
[Round "02"]
[TimeControl "180+2"]
[Date "2023.04.18"]
[WhiteClock "0:02:29"]
[BlackClock "0:00:51"]

1. d4 d5 2. c4 c6 3. cxd5 cxd5 4. Bf4 Nf6 5. e3 Nc6 6. Nc3 a6 7. Be2 Bf5 8. g4 Bg6 9. h4 h6 10. Qb3 Na5 11. Qa4+ Nc6 12. h5 Bh7 13. Nf3 Nxg4 14. Qb3 e6 15. Qxb7 Na5 16. Qc7 Qxc7 17. Bxc7 Nc6 18. a3 Kd7 19. Bf4 Nf6 20. Na4 Ne4 21. Nb6+ 1-0


[Site "https://www.chess.com"]

[Event "Titled Tuesday Blitz April 18 Early 2023"]
[White "Urbina Perez, Juan Antonio"]
[Black "Cherniaiev, Tykhon"]
[WhiteFideId "2217368"]
[BlackFideId "14182360"]
[WhiteElo "2197"]
[BlackElo "2450"]
[Result "0-1"]
[Round "02"]
[TimeControl "180+2"]
[Date "2023.04.18"]
[WhiteClock "0:02:04"]
[BlackClock "0:01:57"]

1. d4 Nf6 2. Nf3 e6 3. g3 d5 4. Bg2 Be7 5. O-O O-O 6. c4 dxc4 7. Ne5 Nc6 8. Bxc6 bxc6 9. Nxc6 Qe8 10. Nxe7+ Qxe7 11. Qc2 c5 12. Qxc4 cxd4 13. Qxd4 e5 14. Qe3 Bb7 15. Nc3 Qe6 16. f3 Rfe8 17. Rd1 e4 18. Kf2 Qh3 19. Kg1 exf3 20. Qf2 Ng4 0-1


[Site "https://www.chess.com"]

[Event "Titled Tuesday Blitz April 18 Early 2023"]
[White "Matinian, Nikita"]
[Black "Real_taiatai"]
[WhiteFideId "24129100"]
[WhiteElo "2422"]
[BlackElo "2371"]
[Result "1-0"]
[Round "02"]
[TimeControl "180+2"]
[Date "2023.04.18"]
[WhiteClock "0:00:46"]
[BlackClock "0:00:15"]

1. e4 e6 2. d4 d5 3. Nc3 Bb4 4. e5 Ne7 5. Qg4 Kf8 6. h4 c5 7. dxc5 Bxc3+ 8. bxc3 Qc7 9. Nf3 Nd7 10. Rh3 Nxe5 11. Nxe5 Qxe5+ 12. Be2 h5 13. Qa4 Nc6 14. Bf4 Qf6 15. Bd6+ Kg8 16. Rf3 Qg6 17. Rg3 Qf6 18. Rd1 d4 19. cxd4 Qxh4 20. Rdd3 Qh1+ 21. Kd2 e5 22. d5 Nd4 23. Qe8+ Kh7 24. Qxe5 Nf5 25. Rdf3 f6 26. Qe4 g6 27. Rxf5 Bxf5 28. Qe7+ Kg8 29. Qxf6 Rh6 30. Qxf5 Qa1 31. Rxg6+ Rxg6 32. Qxg6+ Kh8 33. Qxh5+ Kg8 34. Qg5+ Kh8 35. Be5+ 1-0


[Site "https://www.chess.com"]

[Event "Titled Tuesday Blitz April 18 Early 2023"]
[White "Amilal Munkhdalai"]
[Black "Delorme, Axel"]
[WhiteFideId "4903250"]
[BlackFideId "632023"]
[WhiteElo "2293"]
[BlackElo "2478"]
[Result "0-1"]
[Round "02"]
[TimeControl "180+2"]
[Date "2023.04.18"]
[WhiteClock "0:00:36"]
[BlackClock "0:00:25"]

1. e4 c5 2. Nf3 d6 3. d4 cxd4 4. Nxd4 Nf6 5. f3 e5 6. Nb3 d5 7. Bg5 d4 8. c3 Nc6 9. Bb5 h6 10. Bd2 Be6 11. Bxc6+ bxc6 12. cxd4 exd4 13. O-O c5 14. Na3 c4 15. Ba5 Qd7 16. Nxd4 Bc5 17. Bc3 Rd8 18. Nc2 O-O 19. Kh1 Nh5 20. Qd2 Qc7 21. g3 Bh3 22. Rfd1 Rd6 23. Qe1 Rg6 24. Ne2 f5 25. e5 Qb7 26. Ned4 f4 27. Qe2 fxg3 28. Qxc4+ Kh7 29. Qxc5 Rxf3 30. Nc6 g2+ 31. Kg1 Rf1+ 0-1


[Site "https://www.chess.com"]